 Dungeon Crawl Stone Soup version 0.18.1-1-g2f07953 (webtiles) character file.

431 barb4r1an the Skirmisher (level 7, -5/44 HPs)
             Began as a Gargoyle Berserker on May 6, 2016.
             Was a Priest of Trog.
             Slain by a yak (9 damage)
             ... on level 3 of the Dungeon.
             The game lasted 00:04:09 (2592 turns).

barb4r1an the Skirmisher (Gargoyle Berserker)       Turns: 2592, Time: 00:04:09

Health: -5/44      AC:  9    Str: 22    XL:     7   Next: 0%
Magic:  7/7        EV: 12    Int:  7    God:    Trog [***...]
Gold:   111        SH:  6    Dex: 10    Spells: 0 memorised, 6 levels left

rFire  . . .     SeeInvis .     a - +0 hand axe
rCold  . . .     Gourm    .     b - +0 animal skin
rNeg   + . .     Faith    .     g - +2 buckler
rPois  ∞         Spirit   .     r - +0 helmet
rElec  +         Dismiss  .     (no cloak)
rCorr  .         Reflect  .     (no gloves)
SustAt .         Harm     .     p - +0 pair of boots
MR     .....                    (no amulet)
Stlth  +.........               (no ring)
                                (no ring)

@: not resistant to hostile enchantments, very unstealthy
A: negative energy resistance 1, electricity resistance, unbreathing,
petrification resistance, rot immunity, AC +4
a: Berserk, Trog's Hand, Burn Spellbooks, Renounce Religion


You were on level 3 of the Dungeon.
You worshipped Trog.
Trog was most pleased with you.
You were not hungry.

You visited 1 branch of the dungeon, and saw 4 of its levels.

You collected 111 gold pieces.

Inventory:

Hand Weapons
 a - a +0 hand axe (weapon)
Armour
 b - a +0 animal skin (worn)
 g - a +2 buckler (worn)
 p - a +0 pair of boots (worn)
 r - a +0 helmet (worn)
Scrolls
 d - a scroll of immolation {unknown}
 f - 4 scrolls of identify {unknown}
 h - a scroll of enchant weapon {unknown}
 i - a scroll of noise {unknown}
 k - 4 scrolls of remove curse {unknown}
 l - 2 scrolls of blinking {unknown}
 n - a scroll of enchant armour {unknown}
 o - a scroll of fear {unknown}
 q - a scroll of teleportation {unknown}
Potions
 e - a potion of curing {unknown}
 j - a potion of heal wounds {unknown}
 t - a potion of might {unknown}
Comestibles
 c - 4 bread rations


   Skills:
 + Level 4.7 Fighting
 + Level 3.7 Axes
 + Level 4.1 Armour
 + Level 3.0 Dodging
 + Level 3.0 Shields


You had 6 spell levels left.
You didn't know any spells.

Dungeon Overview and Level Annotations

Branches:
Dungeon (4/15)
 Temple: D:4-7

Altars:
Elyvilon
Okawaru
Pakellas
Xom


Innate Abilities, Weirdness & Mutations

You are resistant to torment.
Your stone body is resilient (AC +4).
You are immune to poison.
You resist negative energy.
You are resistant to electric shocks.
You can survive without breathing.
You are immune to petrification.
You are immune to rotting.


Message History

The yak is lightly wounded.
The yak gores you!
You closely miss the yak.
The yak is lightly wounded.
The yak barely misses you.
You hit the yak but do no damage.
The yak is lightly wounded.
The yak gores you! You block the yak's attack.
You slash the yak!
The yak is moderately wounded.
The yak barely misses you.
Okay, then.
Drink which item? (? for menu, Esc to quit)
Okay, then.
Eat which item? (? for menu, Esc to quit)
The yak gores you!
* * * LOW HITPOINT WARNING * * *
Mmm...
Pepperoni.
The yak gores you!
You die...

#############
########.........^.#
......<.#.########.#
#####..###.## ###.##
# #.## ##.# #....# #
#..###.## #.#.## #
##..#.## #.### #
###.## #@# # #######
#Y# #### #.....##
#.# ...###......#
#.# ##.#...)....#
#.# ##.#.##'##..##
#.#
##.#.#...#...###.#
.....#.#.#....##.#
#.####.#.####.##.#


You could see a yak.

Vanquished Creatures
  Sigmund (D:2)
  A howler monkey (D:4)
  A giant frog zombie (D:4)
  A hound (D:4)
  Jessica (D:2)
  A worker ant (D:4)
  4 adders
  3 worms
  4 giant geckos (D:2)
  3 orcs (D:3)
  2 ball pythons (D:1)
  2 giant cockroaches (D:1)
  8 hobgoblins
  9 jackals
  6 quokkas
  7 bats
  5 giant newts
  9 goblins
  9 kobolds
  9 rats
86 creatures vanquished.

Vanquished Creatures (others)
  A giant cockroach (D:3)
1 creature vanquished.

Grand Total: 87 creatures vanquished

Notes
Turn   | Place    | Note
--------------------------------------------------------------
     0 | D:1      | barb4r1an the Gargoyle Berserker began the quest for the Orb.
     0 | D:1      | Reached XP level 1. HP: 14/14 MP: 1/1
   241 | D:1      | Reached XP level 2. HP: 19/19 MP: 2/2
   439 | D:1      | Reached ** piety under Trog
   442 | D:1      | Reached XP level 3. HP: 20/23 MP: 3/3
   576 | D:1      | Reached skill level 1 in Shields
   886 | D:2      | Found an iron altar of Okawaru.
   962 | D:2      | Noticed Sigmund
   971 | D:2      | Killed Sigmund
   971 | D:2      | Reached XP level 4. HP: 29/29 MP: 4/4
   971 | D:2      | Reached XP level 5. HP: 33/33 MP: 5/5
   976 | D:2      | Found a faded altar to an unknown god.
  1147 | D:2      | Reached XP level 6. HP: 38/38 MP: 6/6
  1211 | D:2      | Noticed Jessica
  1217 | D:2      | Killed Jessica
  1328 | D:2      | Reached *** piety under Trog
  1802 | D:3      | Found a white marble altar of Elyvilon.
  1834 | D:3      | Found a shimmering altar of Xom.
  1888 | D:3      | Found an oddly glowing altar of Pakellas.
  2474 | D:4      | Reached XP level 7. HP: 36/44 MP: 7/7
  2497 | D:4      | Noticed a yak
  2497 | D:4      | Noticed a yak
  2497 | D:4      | Noticed a yak
  2580 | D:3      | HP: 2/44 [yak (12)]
  2592 | D:3      | Slain by a yak

Skill      XL: |  1  2  3  4  5  6 |
---------------+-------------------+-----
Dodging        | 2 3 |  3.0
Shields        | 2 3 |  3.0
Fighting       | 4 |  4.7
Axes           | 3 |  3.7
Armour         | 3 4 |  4.1

Action                   |  1- 3 |  4- 6 |  7- 9 || total
-------------------------+-------+-------+-------++-------
Melee: Hand axe          |   148 |   153 |    15 ||   316
Invok: Trog's Hand       |     1 |       |     1 ||     2
       Berserk           |     1 |       |       ||     1
       Burn Spellbooks   |       |     2 |       ||     2
 Stab: Sleeping          |     1 |       |       ||     1
  Eat: Chunk             |       |     6 |       ||     6
       Pizza             |       |       |     1 ||     1
Armor: Animal skin       |    63 |    52 |     3 ||   118
Dodge: Dodged            |   115 |    72 |     7 ||   194
Block: Buckler           |    34 |    38 |     4 ||    76
